 Dungeon Crawl Stone Soup version 0.29.1-12-g30fa7ad0bf (webtiles) character file.

Game seed: 8820133085042717538

88 sanboga the Conjurer (level 4, -1/24 HPs)
             Began as a Deep Elf Conjurer on Jan 19, 2023.
             Slain by Terence
             ... wielding a +0 hand axe
              (5 damage)
             ... on level 3 of the Dungeon.
             The game lasted 00:04:11 (2826 turns).

sanboga the Conjurer (Deep Elf Conjurer)            Turns: 2826, Time: 00:04:12

Health: -1/24      AC:  2    Str:  4    XL:     4   Next: 30%
Magic:  6/12       EV: 12    Int: 25    God:
Gold:   3          SH:  0    Dex: 13    Spells: 10/11 levels left

rFire   . . .      SeeInvis .   q - +1 dagger
rCold   . . .      Faith    .   (no shield)
rNeg    . . .      Spirit   .   a - +0 robe
rPois   .          Reflect  .   (no helmet)
rElec   .          Harm     .   (no cloak)
rCorr   .          Rampage  .   (no gloves)
Will    .....                   (no boots)
Stlth   ++........              (no amulet)
HPRegen 0.08/turn               (no ring)
MPRegen 0.13/turn               (no ring)

@: about to teleport
A: no striking features
a: no special abilities


You were on level 3 of the Dungeon.
You visited 1 branch of the dungeon, and saw 3 of its levels.

You collected 109 gold pieces.
You spent 106 gold pieces at shops.

Inventory:

Hand Weapons
 q - a +1 dagger (weapon)
Armour
 a - a +0 robe (worn)
Jewellery
 m - the ring of Shadows {Umbra +Inv Stlth+}
   (You found it on level 2 of the Dungeon)

   [ring of stealth]

   It surrounds you with an aura of shadow, increasing your stealth and reducing
   the accuracy of all others within it.
   +Inv:      It lets you turn invisible.
   Stlth:     It makes you more stealthy.
Scrolls
 c - a scroll of blinking {unknown}
 d - 2 scrolls of poison {unknown}
 k - a scroll of fear {unknown}
 l - a scroll of enchant armour {unknown}
 n - a scroll of teleportation
 p - 2 scrolls of identify {unknown}
Potions
 b - a potion of magic
 f - a potion of haste {unknown}
 g - 2 potions of degeneration {unknown}
 h - a potion of might {unknown}
 j - 2 potions of curing {unknown}
 o - a potion of invisibility {unknown}


   Skills:
 - Level 2.4 Dodging
 - Level 2.4 Stealth
 + Level 4.3 Spellcasting
 * Level 5.8 Conjurations


You had 10 spell levels left.
You knew the following spells:

 Your Spells              Type           Power      Damage    Failure   Level
a - Magic Dart            Conj           100%       1d8       1%          1

Your spell library contained the following spells:

 Spells                   Type           Power      Damage    Failure   Level
 Searing Ray              Conj           68%        2d6       1%          2
 Dazzling Flash           Conj/Hex       40%        N/A       8%          3
 Mephitic Cloud           Conj/Pois/Air  15%        N/A       12%         3
 Call Imp                 Summ           5%         N/A       14%         2
 Ignite Poison            Fire/Tmut/Pois 5%         N/A       26%         3
 Fulminant Prism          Conj/Hex       10%        3d9       26%         4
 Iskenderun's Mystic Bla  Conj/Tloc      20%        2d6       26%         4
 Freezing Cloud           Conj/Ice/Air   7%         6-21      73%         5


Dungeon Overview and Level Annotations

Branches:
Dungeon (3/15)

Altars:

Shops:
D:1 *=

Annotations:
D:3 1 transporter, Terence


Message History

Aim: Terence, wielding a +0 hand axe and wearing a +0 scale mail (lightly wounded, 100% to hit)
The magic dart hits Terence but does no damage.
Terence is lightly wounded.
Casting: Magic Dart (safe; 1% risk of failure)
Confirm with . or Enter, or press ? or * to list all spells.
Aiming: Magic Dart (safe; 1% risk of failure)
Press: ? - help, Shift-Dir - straight line, f/p - Terence
Aim: Terence, wielding a +0 hand axe and wearing a +0 scale mail (lightly wounded, 100% to hit)
The magic dart hits Terence.
Terence is moderately wounded.
Terence hits you with a +0 hand axe.
Casting: Magic Dart (safe; 1% risk of failure)
Confirm with . or Enter, or press ? or * to list all spells.
Aiming: Magic Dart (safe; 1% risk of failure)
Press: ? - help, Shift-Dir - straight line, f/p - Terence
Aim: Terence, wielding a +0 hand axe and wearing a +0 scale mail (moderately wounded, 100% to hit)
The magic dart hits Terence but does no damage.
Terence is moderately wounded.
Terence hits you with a +0 hand axe.
Casting: Magic Dart (safe; 1% risk of failure)
Confirm with . or Enter, or press ? or * to list all spells.
Aiming: Magic Dart (safe; 1% risk of failure)
Press: ? - help, Shift-Dir - straight line, f/p - Terence
Aim: Terence, wielding a +0 hand axe and wearing a +0 scale mail (moderately wounded, 100% to hit)
The magic dart hits Terence but does no damage.
Terence is moderately wounded.
Terence hits you with a +0 hand axe!
Casting: Magic Dart (safe; 1% risk of failure)
Confirm with . or Enter, or press ? or * to list all spells.
Aiming: Magic Dart (safe; 1% risk of failure)
Press: ? - help, Shift-Dir - straight line, f/p - Terence
Aim: Terence, wielding a +0 hand axe and wearing a +0 scale mail (moderately wounded, 100% to hit)
The magic dart hits Terence.
Terence is heavily wounded.
Terence hits you with a +0 hand axe.
* * * LOW HITPOINT WARNING * * *
As you read the scroll labelled ZAUQUX SAVI, it crumbles to dust.
You feel strangely unstable.
It was a scroll of teleportation.
Terence hits you with a +0 hand axe.
You die...

.###....$...####*#........#*,,**,
............######........#*,,**,
............................,,**,
..........#..##..#..........*,***
..........##..##.##.........,,,,*
#.###########.##.#...#.#*,**,,,,*
#.*****######.##........,,***,,,,
,,,,,,..................,,,,,,,,,
*,****######....@@......,,***,,,,
*,* #####...$....,,,,,,,,,
*,******* **.....$...,,*,,,,,,
*,,,,,,,******.........#*,*,*,,^,
*,,,,,,,,,,,,..#........,,,,*,,,,
*,,,,,,,,,,,............,,,,*,,,,
**,,,,,,***##...#..###..,*,,,*,,,
,*,,,,,,*,,,..,.,.## *##,,*,,***,
,,,,,,,,,,,,,,,,*** **,,,,* *,


You could see Terence.

Vanquished Creatures
  2 adders
  2 gnolls (D:2)
  3 dart slugs
  4 endoplasms
  A giant cockroach (D:1)
  3 goblins (D:1)
  2 hobgoblins (D:1)
  7 jackals
  2 quokkas
  2 ball pythons (D:2)
  2 bats (D:1)
  2 frilled lizards
  4 kobolds
  11 rats
47 creatures vanquished.

Notes
Turn   | Place    | Note
-------+----------+-------------------------------------------
     0 | D:1      | sanboga the Deep Elf Conjurer began the quest for the Orb.
     0 | D:1      | Reached XP level 1. HP: 10/10 MP: 6/6
   185 | D:1      | Found Effaofy's Assorted Antiques.
   192 | D:1      | Bought a scroll labelled NACLAO DO KEANKO for 19 gold
                  | pieces
   227 | D:1      | Bought a bubbling red potion for 17 gold pieces
   269 | D:1      | Reached XP level 2. HP: 15/15 MP: 6/8
   371 | D:1      | Bought a coppery potion for 17 gold pieces
   458 | D:1      | Found a faded altar of an unknown god.
   726 | D:1      | Bought a scroll labelled WONGAI MOOW FEENNE for 19 gold
                  | pieces
   806 | D:1      | Reached skill level 5 in Conjurations
   922 | D:1      | Reached XP level 3. HP: 8/19 MP: 0/10
  1148 | D:1      | Found Sijoklory's Jewellery Emporium.
  1343 | D:1      | You fall into a shaft and drop 1 floor!
  1690 | D:2      | Found the ring of Shadows {Umbra +Inv Stlth+}
  1934 | D:1      | Bought a sedimented silvery potion for 17 gold pieces
  2021 | D:2      | Reached XP level 4. HP: 17/24 MP: 2/12
  2404 | D:1      | Bought a white potion for 17 gold pieces
  2754 | D:3      | Noticed a kobold demonologist
  2754 | D:3      | Noticed Terence
  2754 | D:3      | Found a transporter.
  2826 | D:3      | Slain by Terence

Illustrated notes

Levels and vault maps discovered:
D:1:      dpeg_chamrin_arrival_tetris, layout_loops_cross,
          hellmonk_ecumenical_altar_crossroads, serial_shops, shop,
          nicolae_shop_overgrown_old_shop, wad_floor_pattern_1, nrook_campfire,
          minmay_octomino_c4
D:2:      layout_loops_corners, serial_park_tiny_pond
D:3:      gammafunk_wand_slinger, layout_rooms, gup_sewer_entry_pipe,
          serial_shops, nicolae_shop_bloodbath_and_beyond, minivault_4,
          minmay_ogre_servants, uniq_ijyb, uniq_terence

Skill      XL: |  1  2  3 |
---------------+----------+-----
Conjurations   | 5 |  5.8
Spellcasting   | 4 |  4.3
Dodging        | |  2.4
Stealth        | |  2.4

Action                   |  1- 3 |  4- 6 || total
-------------------------+-------+-------++-------
Melee: Unarmed           |     2 |       ||     2
       Dagger            |       |     5 ||     5
 Cast: Magic Dart        |    76 |    23 ||    99
  Use: Scroll            |       |     3 ||     3
Armor: Robe              |     2 |       ||     2
Dodge: Dodged            |    16 |     9 ||    25
